 Dungeon Crawl Stone Soup version 0.31-a0-66-ge618eeaa78 (webtiles) character file.

Game seed: 16657616442006924930

1092 LobsterGuardian the Insei (level 8, 0/51 HPs)
             Began as a Kobold Transmuter on May 23, 2023.
             Was a Follower of Nemelex Xobeh.
             Slain by a hound (4 damage)
             ... on level 5 of the Dungeon.
             The game lasted 00:11:51 (5711 turns).

LobsterGuardian the Insei (Kobold Transmuter)       Turns: 5711, Time: 00:11:52

Health: 0/51       AC:  5    Str:  7    XL:     8   Next: 56%
Magic:  6/12       EV: 12    Int: 14    God:    Nemelex Xobeh [*.....]
Gold:   313        SH:  0    Dex: 18    Spells: 3/13 levels left

rFire   x .          .
                       - Unarmed
rCold   + + +        (shield currently unavailable)
rNeg    . . .        p - melded +2 robe
rPois   +            (helmet currently unavailable)
rElec   .            (cloak currently unavailable)
rCorr   .            (gloves currently unavailable)
SInv    .            (boots currently unavailable)
Will    .....        m - amulet of faith
Stlth   +++          k - ring of wizardry
HPRegen 0.28/turn    (no ring)
MPRegen 0.13/turn

%: faith, wizardry (x1)
@: about to teleport, ice-form
A: freezing attack, amphibious, boosted hp, large, no large weapons,
nightstalker 3
a: End Transformation, Renounce Religion, Draw Escape, Draw Destruction, Draw
Summoning


You were on level 5 of the Dungeon.
You worshipped Nemelex Xobeh.
Nemelex Xobeh was aware of your devotion.
You were a creature of crystalline ice.
You visited 2 branches of the dungeon, and saw 6 of its levels.
You also visited: Ossuary.

You collected 313 gold pieces.

Inventory:

Armour
 a - a +1 robe
 p - a +2 robe (melded)
Jewellery
 j - an amulet of guardian spirit
 k - a ring of wizardry (left front paw)
 m - an amulet of faith (around neck)
Scrolls
 d - 3 scrolls of teleportation
 e - a scroll of fog
 g - a scroll of silence
 l - a scroll of fear {unknown}
 r - a scroll of identify
Potions
 b - 2 potions of lignification
 f - a potion of cancellation {unknown}
 h - 3 potions of ambrosia {unknown}
 i - a potion of attraction {unknown}
 n - a potion of resistance {unknown}
 o - a potion of invisibility {unknown}
 q - 2 potions of mutation {unknown}
 s - a potion of brilliance


   Skills:
 + Level 1.6 Fighting
 * Level 4.5 Dodging
 - Level 3.0 Stealth
 + Level 7.1 Unarmed Combat
 - Level 3.0 Spellcasting
 + Level 3.8 Transmutations
 - Level 1.0 Ice Magic
 - Level 1.0 Poison Magic
 * Level 3.4 Invocations


You had 3 spell levels left.
You knew the following spells:

 Your Spells              Type           Power      Damage    Failure   Level
a - Beastly Appendage     Tmut           24%        N/A       1%          1
b - Wereblood             Tmut           12%        N/A       2%          2
c - Spider Form           Tmut/Pois      7%         N/A       12%         3
d - Ice Form              Ice/Tmut       7%         N/A       34%         4

Your spell library contained the following spells:

 Spells                   Type           Power      Damage    Failure   Level


Dungeon Overview and Level Annotations

Branches:
Dungeon (5/15)             Temple (1/1) D:4         Ossuary (visited)

Altars:
Ashenzari
Cheibriados
Dithmenos
Elyvilon
Fedhas
Gozag
Hepliaklqana
Kikubaaqudgha
Makhleb
Nemelex Xobeh
Okawaru
Qazlal
Ru
Trog
Vehumet
Wu Jian
Xom
Yredelemnul
Zin
The Shining One


Innate Abilities, Weirdness & Mutations

You are a creature of crystalline ice.
You have a powerful freezing melee attack.
You are amphibious.
Your maximum health is increased.
Your armour is entirely melded.
You are incapable of wielding weapons or throwing items.
You are small and have problems with some larger weapons.
You are completely attuned to the shadows.


Message History

* * * LOW HITPOINT WARNING * * *
You completely miss Edmund.
Edmund is severely wounded.
Unknown command.
You feel better.
Edmund hits you with a +0 flail of holy wrath.
You hit Edmund.
Edmund is severely wounded.
The orc priest calls down the wrath of Beogh upon you.
Beogh smites you!
* * * LOW HITPOINT WARNING * * *
Edmund hits you with a +0 flail of holy wrath!
* * * LOW HITPOINT WARNING * * *
You feel better.
Edmund hits you with a +0 flail of holy wrath.
* * * LOW HITPOINT WARNING * * *
Edmund attacks as you move away!
Edmund hits you with a +0 flail of holy wrath.
* * * LOW HITPOINT WARNING * * *
You feel better. Edmund closely misses you. Edmund attacks as you move away!
Edmund hits you with a +0 flail of holy wrath!
* * * LOW HITPOINT WARNING * * *
You feel better.
Edmund hits you with a +0 flail of holy wrath!
* * * LOW HITPOINT WARNING * * *
Your magical contamination has completely faded away.
Okay, then.
You punch Edmund! You freeze Edmund.
You kill Edmund!
The shadow imp grins evilly.
The hound bites you.
* * * LOW HITPOINT WARNING * * *
You barely miss the hound. The hound bites you.
* * * LOW HITPOINT WARNING * * *
As you read the scroll labelled TOIHAI DOOZUC, it crumbles to dust.
You feel strangely unstable.
It was a scroll of teleportation.
The hound bites you.
You die...
Your body disappears without a glow.

##....#....####
.♣ ..<...
##......####
#...o....
......#####
#.♣5..♣.
....#.....#
#o....#
#..##.....#
#####o.#
...)......#
#...5o##
###.......#
#5##### #
##....### #h# #
####...### #Y#
###...####.#
###......#
####.### #..##
##..####
##..... #......
#......


You could see a hound and a shadow imp.

Vanquished Creatures
  A wraith (Ossuary)
  A wyvern (D:5)
  Edmund (D:5)
  An ogre (D:4)
  2 phantoms
  Blork the orc (D:5)
  3 wights (Ossuary)
  A hound (D:4)
  An orc priest (D:4)
  An iguana (D:5)
  4 adders
  2 ufetubi
  An adder zombie (Ossuary)
  A worm (D:2)
  3 dart slugs
  3 orcs (D:4)
  4 ball pythons
  4 bats (D:1)
  9 endoplasms
  2 giant cockroaches
  3 goblins
  7 hobgoblins
  10 jackals
  4 quokkas
  2 ball python skeletons (Ossuary)
  8 frilled lizards
  2 goblin zombies (D:5)
  2 hobgoblin skeletons (Ossuary)
  6 kobolds
  2 kobold zombies (Ossuary)
  An orc skeleton (Ossuary)
  An orc zombie (Ossuary)
  7 rats
101 creatures vanquished.

Notes
Turn   | Place    | Note
-------+----------+-------------------------------------------
     0 | D:1      | LobsterGuardian the Kobold Transmuter began the quest for
                  | the Orb.
     0 | D:1      | Reached XP level 1. HP: 12/12 MP: 3/3
   142 | D:1      | Reached XP level 2. HP: 14/16 MP: 3/5
   281 | D:1      | You fall into a shaft and drop 1 floor!
   285 | D:2      | Learned a level 2 spell: Wereblood
   740 | D:2      | Reached XP level 3. HP: 20/20 MP: 4/6
   744 | D:2      | Learned a level 3 spell: Spider Form
   841 | D:2      | Reached skill level 4 in Unarmed Combat
  1467 | D:3      | Reached XP level 4. HP: 25/25 MP: 5/7
  2002 | D:3      | Reached skill level 1 in Stealth
  2466 | D:4      | Reached XP level 5. HP: 26/29 MP: 5/8
  2532 | D:4      | Noticed an ogre
  3368 | D:4      | Found a staircase to the Ecumenical Temple.
  3378 | Temple   | Entered the Ecumenical Temple
  3456 | Temple   | Became a worshipper of Nemelex Xobeh the Trickster
  3819 | D:4      | Reached skill level 5 in Unarmed Combat
  3898 | D:4      | Noticed a phantom
  3940 | D:4      | Killed a phantom
  3941 | D:4      | Reached XP level 6. HP: 22/34 MP: 6/10
  4200 | D:4      | Killed an ogre
  4201 | D:4      | Reached skill level 1 in Invocations
  4406 | D:5      | Entered Level 5 of the Dungeon
  4415 | D:5      | Reached skill level 1 in Poison Magic
  4457 | D:5      | Reached XP level 7. HP: 38/38 MP: 9/11
  4487 | D:5      | Noticed a wyvern
  4496 | D:5      | Killed a wyvern
  4497 | D:5      | Reached skill level 6 in Unarmed Combat
  4584 | D:5      | Found a sand-covered staircase.
  4590 | Ossuary  | Entered an ossuary
  4826 | Ossuary  | Noticed a flying skull
  4826 | Ossuary  | Noticed a wraith
  4850 | Ossuary  | Noticed a flying skull
  4853 | Ossuary  | Noticed a flying skull
  4862 | Ossuary  | Noticed a wraith
  4874 | Ossuary  | Killed a wraith
  4875 | Ossuary  | Reached XP level 8. HP: 28/43 MP: 12/12
  4928 | Ossuary  | Noticed a flying skull
  4955 | Ossuary  | Noticed a wraith
  5295 | D:5      | Learned a level 4 spell: Ice Form
  5316 | D:5      | Noticed Blork the orc
  5354 | D:5      | Killed Blork the orc
  5355 | D:5      | Reached skill level 7 in Unarmed Combat
  5355 | D:5      | Reached skill level 1 in Ice Magic
  5469 | D:5      | Reached * piety under Nemelex Xobeh
  5690 | D:5      | Noticed Edmund
  5708 | D:5      | Killed Edmund
  5711 | D:5      | Slain by a hound

Illustrated notes

Levels and vault maps discovered:
D:1:      spicycebolla_arrival_xxxplode, layout_rooms
D:2:      layout_loops_corners
D:3:      layout_loops_ring, lemuel_tele_altar, amethyst_killhole
D:4:      layout_loops_ring, minmay_temple_entry_tees
D:5:      layout_rooms, enter_ossuary_4, grunt_ministairs_2, chequers_garden,
          uniq_edmund, uniq_blork_the_orc
Temple:   nicolae_temple_bog_church

Skill      XL: |  1  2  3  4  5  6  7  8 |
---------------+-------------------------+-----
Unarmed Combat | 4 5 6 7 |  7.1
Stealth        | 1 2 3 |  3.0
Dodging        | 3 4 |  4.5
Invocations    | 1 2 3 |  3.4
Poison Magic   | 1 |  1.0
Spellcasting   | 3 |  3.0
Transmutations | 3 |  3.8
Ice Magic      | 1 |  1.0
Fighting       | |  1.6

Action                     |  1- 3 |  4- 6 |  7- 9 || total
---------------------------+-------+-------+-------++-------
  Melee: Unarmed           |    96 |   119 |    88 ||   303
         Kick              |    13 |    28 |    18 ||    59
         Headbutt          |    11 |    14 |    12 ||    37
         Punch             |     1 |     1 |     4 ||     6
   Cast: Beastly Appendage |    24 |    31 |    11 ||    66
         Wereblood         |     1 |       |       ||     1
         Spider Form       |       |     3 |     3 ||     6
         Ice Form          |       |       |     1 ||     1
    Use: Scroll            |     1 |     7 |     6 ||    14
         Potion            |       |     2 |     8 ||    10
   Stab: Sleeping          |     9 |    17 |     9 ||    35
 Armour: Robe              |     9 |     7 |     7 ||    23
         Skin              |       |       |     1 ||     1
  Dodge: Dodged            |    70 |    69 |    67 ||   206

Table legend: (Time is in decaauts)
 A = Elapsed time spent in this place.
 B = Non-inter-level travel time spent in this place.
 C = Inter-level travel time spent in this place.
 D = Time resting spent in this place.
 E = Time spent auto-exploring this place.
 F = Levels seen in this place.
 G = Mean time per level.
                   A        B        C        D        E       F      G
               +--------+--------+--------+--------+--------+-----+--------+
         Total |   5729 |   5407 |    322 |    244 |   4254 |   7 |  818.4 |
       Dungeon |   4786 |   4483 |    303 |     48 |   3741 |   5 |  957.2 |
        Temple |    313 |    295 |     18 |      0 |    273 |   1 |  313.0 |
       Ossuary |    629 |    629 |      0 |    196 |    240 |   1 |  629.0 |
               +--------+--------+--------+--------+--------+-----+--------+

Top non-repeatable levels by time:
     D:2: 1213 daAuts
     D:4: 1185 daAuts
     D:3: 942 daAuts
     D:1: 753 daAuts
     D:5: 691 daAuts
 Ossuary: 629 daAuts
  Temple: 313 daAuts
